 Dungeon Crawl Stone Soup version 0.30-a0-626-gd6a5dd7a1f (webtiles) character file.

Game seed: 15566121739263913930

82 BaabKaare the Insei (level 4, -2/32 HPs)
             Began as a Human Transmuter on Jan 10, 2023.
             Was a Believer of Elyvilon.
             Slain by an ufetubus (3 damage)
             ... on level 2 of the Dungeon.
             The game lasted 00:05:22 (1819 turns).

BaabKaare the Insei (Human Transmuter)              Turns: 1819, Time: 00:05:22

Health: -2/32      AC:  2    Str: 13    XL:     4   Next: 70%
Magic:  2/8        EV: 12    Int: 13    God:    Elyvilon [**....]
Gold:   89         SH:  0    Dex: 13    Spells: 2/8 levels left

rFire   + . .      SeeInvis .      - Unarmed
rCold   + . .      Faith    .    (no shield)
rNeg    . . .      Spirit   .    a - +0 robe
rPois   +          Reflect  .    (helmet currently unavailable)
rElec   +          Harm     .    (no cloak)
rCorr   +          Rampage  .    (no gloves)
Will    .....                    (boots currently unavailable)
Stlth   +                        (no amulet)
HPRegen 0.25/turn                (no ring)
MPRegen 0.11/turn                (no ring)

@: appendages (expiring), resistant, attractive
A: horns 2, talons 2
a: End Transformation, Renounce Religion, Purification, Heal Other


You were on level 2 of the Dungeon.
You worshipped Elyvilon.
Elyvilon was pleased with you.
You had temporarily grown beastly horns and talons.
You visited 1 branch of the dungeon, and saw 3 of its levels.

You collected 89 gold pieces.

Inventory:

Armour
 a - a +0 robe (worn)
Scrolls
 i - 2 scrolls of teleportation {unknown}
 j - a scroll of blinking {unknown}
 k - a scroll of brand weapon {unknown}
 l - a scroll of identify {unknown}
Potions
 b - 3 potions of lignification
 d - a potion of attraction
 e - a potion of degeneration {unknown}
 f - a potion of invisibility {unknown}
 g - a potion of cancellation {unknown}
 h - a potion of might {unknown}


   Skills:
 + Level 1.1 Fighting
 + Level 2.1 Dodging
 + Level 0.5 Stealth
 + Level 4.0 Unarmed Combat
 + Level 2.7 Spellcasting
 + Level 2.6 Transmutations


You had 2 spell levels left.
You knew the following spells:

 Your Spells              Type           Power      Damage    Failure   Level
a - Beastly Appendage     Tmut           16%        N/A       9%          1
b - Wereblood             Tmut           8%         N/A       12%         2
c - Spider Form           Tmut/Pois      5%         N/A       38%         3

Your spell library contained the following spells:

 Spells                   Type           Power      Damage    Failure   Level
 Ice Form                 Ice/Tmut       5%         N/A       80%         4


Dungeon Overview and Level Annotations

Branches:
Dungeon (3/15)

Altars:
Elyvilon
Fedhas


Innate Abilities, Weirdness & Mutations

You have temporarily grown beastly horns and talons.


Message History

The ufetubus closely misses you. The goblin hits you with a +0 dagger.
You climb upwards.
You feel sick.
There is a stone staircase leading down here.
You feel purified!
Your transformation is almost over.
The ufetubus closely misses you. The ufetubus misses you. The adder bites you.
* * * LOW HITPOINT WARNING * * *
You are poisoned.
The adder poisons you! The goblin misses you.
The ufetubus hits you but does no damage.
The ufetubus hits you.
* * * LOW HITPOINT WARNING * * *
The adder bites you but does no damage.
You feel purified! The ufetubus hits you.
* * * LOW HITPOINT WARNING * * *
The ufetubus hits you but does no damage.
The goblin hits you with a +0 dagger.
* * * LOW HITPOINT WARNING * * *
The adder bites you. Elyvilon protects you from harm!
You are lethally poisoned!
The adder poisons you!
You feel purified! The ufetubus hits you. Elyvilon protects you from harm!
The ufetubus hits you but does no damage.
The adder misses you. The goblin hits you with a +0 dagger.
Elyvilon protects you from harm!
The ufetubus hits you but does no damage.
The ufetubus barely misses you.
Okay, then.
It was a potion of resistance.
You feel protected. The adder bites you but does no damage.
The ufetubus barely misses you. The ufetubus misses you.
The goblin hits you but does no damage. The adder bites you.
Elyvilon protects you from harm!
It was a potion of attraction.
You feel attractive to monsters. The ufetubus hits you.
You die...

.......'.# .###'###.##
############### .# #.# #..#
##......)....... .###.# #..#
#..#######..).[. .'...# #..##
#.## #...... .#####
#...#######.########...... .#
#......)#...#......#######
'#######..####.#.###......#
...............5@###......#
..###..........Sg.##......# #
#.##>..............#......#######
#.##......................##.....
#.##....).........#.....##...####
#..#.................##.##...#
##..†.......<.....#......#...###
###.#............##..#.........##
###.)............##..##..........


You could see an adder, an ufetubus and a goblin.

Vanquished Creatures
  A gnoll (D:1)
  4 adders
  A worm (D:2)
  A dart slug (D:2)
  2 ball pythons (D:1)
  5 bats
  3 endoplasms
  A goblin (D:3)
  2 hobgoblins
  A quokka (D:1)
  4 frilled lizards
  6 kobolds
  2 rats (D:1)
33 creatures vanquished.

Notes
Turn   | Place    | Note
-------+----------+-------------------------------------------
     0 | D:1      | BaabKaare the Human Transmuter began the quest for the Orb.
     0 | D:1      | Reached XP level 1. HP: 15/15 MP: 3/3
    46 | D:1      | Reached XP level 2. HP: 15/21 MP: 3/5
    78 | D:1      | Found a faded altar of an unknown god.
    86 | D:1      | Prayed at the altar of an unknown god.
    86 | D:1      | Became a worshipper of Elyvilon the Healer
    86 | D:1      | Reached * piety under Elyvilon
   213 | D:1      | Learned a level 2 spell: Wereblood
   257 | D:2      | Reached XP level 3. HP: 26/26 MP: 4/6
   371 | D:1      | Reached ** piety under Elyvilon
  1010 | D:2      | Reached XP level 4. HP: 31/32 MP: 5/7
  1014 | D:2      | Learned a level 3 spell: Spider Form
  1268 | D:3      | Reached skill level 4 in Unarmed Combat
  1789 | D:3      | Found a blossoming altar of Fedhas.
  1816 | D:2      | HP: 1/32 [goblin/+0 dagger (3)]
  1816 | D:2      | Elyvilon protects you from harm!
  1817 | D:2      | Elyvilon protects you from harm!
  1817 | D:2      | Elyvilon protects you from harm!
  1818 | D:2      | Elyvilon protects you from harm!
  1819 | D:2      | Slain by an ufetubus

Illustrated notes

Levels and vault maps discovered:
D:1:      dreamdust_arrival_sigmund_warning, layout_basic,
          ebering_ecumenical_altar_hall
D:2:      layout_rooms, minmay_door_square, minmay_domino_2
D:3:      layout_loops_cross, fedhas_altar_2, lightli_corner_chamber, uniq_robin

Skill      XL: |  1  2  3  4 |
---------------+-------------+-----
Unarmed Combat | 4 |  4.0
Fighting       | |  1.1
Dodging        | |  2.1
Stealth        | |  0.5
Spellcasting   | |  2.7
Transmutations | |  2.6

Action                   |  1- 3 |  4- 6 || total
-------------------------+-------+-------++-------
Melee: Unarmed           |    45 |    38 ||    83
       Kick              |    15 |     2 ||    17
       Headbutt          |     4 |     2 ||     6
       Punch             |     2 |       ||     2
 Cast: Beastly Appendage |    15 |     7 ||    22
       Wereblood         |     1 |       ||     1
Invok: Purification      |       |     3 ||     3
  Use: Potion            |       |     2 ||     2
 Stab: Sleeping          |     1 |       ||     1
Armor: Robe              |     3 |    19 ||    22
Dodge: Dodged            |    26 |    46 ||    72

Table legend: (Time is in decaauts)
 A = Elapsed time spent in this place.
 B = Non-inter-level travel time spent in this place.
 C = Inter-level travel time spent in this place.
 D = Time resting spent in this place.
 E = Time spent auto-exploring this place.
 F = Levels seen in this place.
 G = Mean time per level.
                   A        B        C        D        E       F      G
               +--------+--------+--------+--------+--------+-----+--------+
         Total |   1816 |   1743 |     73 |    558 |    652 |   3 |  605.3 |
       Dungeon |   1816 |   1743 |     73 |    558 |    652 |   3 |  605.3 |
               +--------+--------+--------+--------+--------+-----+--------+

Top non-repeatable levels by time:
     D:1: 871 daAuts
     D:2: 752 daAuts
     D:3: 193 daAuts
